 Dungeon Crawl Stone Soup version 0.32-a0-921-g04a7ad8e02 (webtiles) character file.

Game seed: 6608231622427322966

91964 Chimkentus the Geomancer (level 16, -1/109 HPs)
             Began as an Octopode Earth Elementalist on Dec 21, 2019.
             Was the Champion of Cheibriados.
             Slain by an ettin
             ... wielding a +0 dire flail
              (35 damage)
             ... on level 1 of the Depths on Apr 12, 2024.
             The game lasted 05:30:07 (40470 turns).

Chimkentus the Geomancer (OpEE)                    Turns: 40470, Time: 05:30:07

Health: -1/109     AC:  7    Str: 39    XL:     16   Next: 4%
Magic:  5/30       EV: 18    Int: 37    God:    Cheibriados [******]
Gold:   492        SH:  9    Dex: 36    Spells: 3/36 levels left

rFire   + . .        u - +2 hand cannon (drain)
rCold   + . .        T - +2 buckler
rNeg    + . .        H - +2 hat
rPois   .            G - amulet of the acrobat
rElec   .            j - ring of protection from fire
rCorr   +            z - +6 ring of dexterity
SInv    .            Z - +3 ring of intelligence
Will    +....        e - +4 ring of protection
Stlth   +++++++      l - ring of protection from cold
HPRegen 0.38/turn    q - ring of Pofom {rN+ rCorr Str+6 Dex-5 Slay+3}
MPRegen 0.22/turn    D - +6 ring of strength
                     F - +6 ring of dexterity

%: acrobat
@: invisible, very slow
A: almost no armour, amphibious, 8 rings, camouflage 1, gelatinous body 1,
(nimble swimmer 1), tentacles
a: Renounce Religion, Bend Time, Temporal Distortion, Slouch, Step From Time


You were on level 1 of the Depths.
You worshipped Cheibriados.
Cheibriados was exalted by your worship.
You visited 5 branches of the dungeon, and saw 25 of its levels.
You also visited: Sewer, Ossuary and Ice Cave.

You collected 2297 gold pieces.
You spent 1805 gold pieces at shops.

Inventory:

Hand Weapons
 s - a +0 whip of freezing
 u - a +2 hand cannon of draining (weapon)
 w - a +0 dagger of venom
 N - a +2 whip of flaming
 P - a +0 war axe of flaming
Missiles
 p - a throwing net
 v - 8 curare-tipped darts
Armour
 H - a +2 hat (worn)
 T - a +2 buckler (worn)
Jewellery
 b - a ring of fire
 e - a +4 ring of protection (on tentacle)
 j - a ring of protection from fire (left tentacle)
 l - a ring of protection from cold (on tentacle)
 n - a ring of ice
 q - the ring of Pofom (on tentacle) {rN+ rCorr Str+6 Dex-5 Slay+3}
   (You found it in an ice cave)

   [ring of resist corrosion]

   Str+6:     It affects your strength (+6).
   Dex-5:     It affects your dexterity (-5).
   Slay+3:    It affects your accuracy & damage with ranged weapons and melee
   (+3).
   rN+:       It protects you from negative energy.
   rCorr:     It protects you from acid and corrosion.
 z - a +6 ring of dexterity (right tentacle)
 D - a +6 ring of strength (on tentacle)
 F - a +6 ring of dexterity (on tentacle)
 G - an amulet of the acrobat (around mantle)
 K - a ring of wizardry
 M - a ring of fire
 S - a +5 ring of evasion
 Z - a +3 ring of intelligence (on tentacle)
Wands
 d - a wand of polymorph (2)
 i - a wand of iceblast (7)
 y - a wand of flame (10)
 B - a wand of warping (1)
 W - a wand of digging (9)
Scrolls
 f - a scroll of fog
 g - 3 scrolls of revelation
 h - 3 scrolls of teleportation
 k - 2 scrolls of immolation
 r - 3 scrolls of silence
 x - a scroll of torment
 A - a scroll of vulnerability
 J - 2 scrolls of poison
 Y - 6 scrolls of identify
Potions
 m - a potion of resistance
 o - 2 potions of heal wounds
 t - 6 potions of attraction
 C - 9 potions of curing
 E - 7 potions of lignification
 I - a potion of brilliance
 L - 7 potions of enlightenment
 O - 2 potions of might
 Q - 3 potions of cancellation
 R - a potion of ambrosia
Miscellaneous
 U - a box of beasts (inert)
 X - a phial of floods (inert)


   Skills:
 + Level 10.2 Fighting
 + Level 1.0 Short Blades
 + Level 0.8 Maces & Flails
 * Level 7.8 Ranged Weapons
 + Level 5.1 Throwing
 + Level 5.1 Dodging
 + Level 10.9 Stealth
 + Level 2.9 Unarmed Combat
 * Level 10.5 Spellcasting
 + Level 3.9 Conjurations
 * Level 6.9 Hexes
 + Level 0.6 Summonings
 + Level 6.4 Translocations
 + Level 2.1 Air Magic
 + Level 12.4 Earth Magic
 + Level 8.6 Alchemy
 * Level 10.5 Invocations
 + Level 3.1 Evocations
 + Level 6.3 Shapeshifting


You had 3 spell levels left.
You knew the following spells:

 Your Spells              Type           Power      Damage    Failure   Level
a - Mephitic Cloud        Conj/Alch/Air  54%        N/A       1%          3
b - Passwall              Erth           84%        N/A       1%          3
c - Stone Arrow           Conj/Erth      100%       3d13      1%          3
d - Petrify               Alch/Erth      78%        N/A       1%          4
e - Lee's Rapid Deconstr  Erth           42%        3d20*     1%          5
f - Blink                 Tloc           100%       N/A       1%          2
g - Iskenderun's Mystic   Conj/Tloc      55%        2d12      (+2d62%     4
h - Olgreb's Toxic Radia  Alch           70%        N/A       1%          4
i - Summon Mana Viper     Hex/Summ       47%        N/A       14%         5

Your spell library contained the following spells:

 Spells                   Type           Power      Damage    Failure   Level
 Sandblast                Erth           100%       2d20      0%          1
 Magic Dart               Conj           100%       1d8       1%          1
 Shock                    Conj/Air       100%       1d9       1%          1
 Slow                     Hex            100%       N/A       1%          1
 Mercury Vapours          Alch/Air       100%       N/A       1%          2
 Static Discharge         Conj/Air       84%        3-7/arc   1%          2
 Confusing Touch          Hex            63%        N/A       1%          3
 Dazzling Flash           Conj/Hex       100%       N/A       1%          3
 Maxwell's Portable Pile  Tloc           61%        2d(11-31) 1%          3
 Tukima's Dance           Hex            63%        N/A       1%          3
 Volatile Blastmotes      Fire/Tloc      86%        2d17      1%          3
 Call Imp                 Summ           48%        N/A       2%          2
 Swiftness                Air            35%        N/A       3%          3
 Vampiric Draining        Necr           19%        2d7       7%          3
 Fulminant Prism          Conj/Alch      30%        3d16      1%          4
 Alistair's Intoxication  Alch           46%        N/A       1%          5
 Airstrike                Air            17%        2d(3-19)  10%         4
 Summon Forest            Summ/Tloc      22%        N/A       16%         5
 Arcjolt                  Conj/Air       21%        1d31      19%         5
 Lightning Bolt           Conj/Air       21%        1d36      19%         5
 Animate Dead             Necr           19%        N/A       24%         4
 Summon Cactus Giant      Summ           12%        N/A       95%         6
 Haunt                    Necr/Summ      11%        N/A       100%        7
 Infestation              Necr           9%         N/A       100%        8
 Maxwell's Capacitive Co  Air            17%        ∞         100%        8


Dungeon Overview and Level Annotations

Branches:
Dungeon (15/15)            Temple (1/1) D:5            Lair (6/6) D:11
 Shoals (0/4) Lair:3       Spider (0/4) Lair:3        Slime (0/5) Lair:6
    Orc (2/2) D:10            Elf (0/3) Orc:2        Vaults (0/5) D:14
 Depths (1/5) D:15          Sewer (visited)         Ossuary (visited)
  IceCv (visited)

Altars:
Ashenzari
Cheibriados
Dithmenos
Elyvilon
Fedhas
Gozag
Hepliaklqana
Kikubaaqudgha
Makhleb
Nemelex Xobeh
Okawaru
Qazlal
Ru
Sif Muna
Trog
Uskayaw
Vehumet
Wu Jian
Xom
Yredelemnul
Zin
The Shining One
Beogh
Jiyva

Shops:
D:4 x   D:10 :   D:13 x   Orc:2 :[:*

Portals:
Abyss: Orc:2

Annotations:
D:13 1 runed translucent door, Hastrop's ghost, journeyman DgHW
Lair:1 dricus's ghost, journeyman NaVM
Orc:2 2 transporters, kr4n3's ghost, journeyman GnWn


Innate Abilities, Weirdness & Mutations

You cannot wear most types of armour.
You are amphibious.
You can wear up to eight rings at the same time.
Your skin changes colour to match your surroundings (Stealth+).
Your rubbery body absorbs attacks. (AC +1, EV +1)
((You are camouflaged when in or above water. (Stealth+)))
You have tentacles for arms and can constrict up to eight enemies at once.


Message History

The ettin completely misses you. The ettin misses you.
Unknown command.
Casting: Iskenderun's Mystic Blast (mildly dangerous; 2% risk of failure)
Confirm with . or Enter, or press ? or * to list all spells.
You erupt in a blast of force!
The mystic blast hits the ettin.
The ettin is moderately wounded.
The deep troll shaman calls upon its god to speed up something.
The ettin misses you. The ettin barely misses you.
Unknown command.
Casting: Iskenderun's Mystic Blast (mildly dangerous; 2% risk of failure)
Confirm with . or Enter, or press ? or * to list all spells.
Aiming: Mephitic Cloud (safe; 1% risk of failure)
Press: ? - help, Shift-Dir - straight line, f - deep troll
Aim: a deep troll (heavily wounded, chance to affect: 53%)
The ball explodes into a vile cloud!
The stinking cloud engulfs the deep troll.
The deep troll is heavily wounded.
The deep troll shaman calls upon its god to strengthen something.
The deep troll is engulfed in noxious fumes.
The deep troll appears confused.
Unknown command.
Activating: Slouch (1% risk of failure)
Press: ? - help, Dir - look around, f - activate You can feel time thicken for a moment.
The deep troll is engulfed in noxious fumes.
The ettin hits you with a +0 dire flail!
The ettin misses you.
Unknown command.
Okay, then.
You are too injured to fight recklessly!
Unknown command.
Fire: u) +2 hand cannon (drain)
Press: ? - help, Q - select action, (/) - cycle Shift-Dir - straight line, f - ettin
Aim: an ettin, wielding a +0 dire flail and a +0 great mace (severely wounded, unable to see you, 89% to hit)
You shoot a slug. The slug hits the ettin!
You drain the ettin.
The ettin is almost dead.
The deep troll is engulfed in noxious fumes.
The ettin hits you with a +0 dire flail!!
You die...
Cheibriados appreciates the motionlessness of death.

,,,,***,,,,,..........##..#******
***** ***.............##..#,,,>,,
*.............##..#,ß,,,ß **
**#..##############,,,,,, ,*
###..#############,ß,,,ß ,****
#.......§§T#######,,,,,, ,,,,*
#.......§§.#######,ß,,,ß ***,**
#......C☼§§#######,,,,,,
,,,,,****#......@...#######***+**
,,,,,,,,,+.....○....+.#####,,,,,,
,,,,,****#.......T..#..####,,,,,,
,,,,,* #.......T..##.....,,,,,,
****** #########'########,,,,,, *
#####..########,,,,,, *******
###.§.#########****,* *,*,,∩*
****###T###########****,* ,*,*,,*
*,,,,/.T,,,,,,* *,,,,,,


You could see an ettin (unable to see you, drained), 2 deep trolls and a deep
troll shaman.

Vanquished Creatures
  Gastronok (D:11)
  An azure jelly (IceCv)
  2 quicksilver oozes (IceCv)
  The ghost of dricus the Spear-Bearer, a journeyman NaAl of Sif Muna (Lair:1)
  4 centaur warriors
  An ogre mage (D:11)
  12 two-headed ogres
  Josephine (D:14)
  Fannar (Lair:3)
  An ice dragon (Depths:1)
  Erica (Orc:1)
  A boulder beetle (Lair:5)
  10 hydras
  A catoblepas (Lair:3)
  An anaconda (Lair:6)
  Sonja (Lair:2)
  A tengu warrior (D:14)
  3 orc high priests (Orc:2)
  2 skysharks (Lair:6)
  5 skeletal warriors (D:13)
  2 deep trolls (Depths:1)
  An orb spider (Lair:3)
  2 lindwurms
  Pikel (D:8)
  2 obsidian bats
  5 orc knights
  2 deep elf pyromancers
  A wolf spider (Lair:6)
  4 oklob plants
  6 orc sorcerers
  A glowing shapeshifter (D:14)
  2 cyclopes
  2 kobold blastminers (Orc:2)
  Joseph (D:9)
  3 elephants (Lair:5)
  A merfolk siren (Lair:3)
  A centaur zombie (D:13)
  5 black mambas
  An ice statue (IceCv)
  2 gargoyles
  2 torpor snails (Lair:6)
  15 cane toads
  3 centaur skeletons
  9 komodo dragons
  2 yaktaurs (D:15)
  5 rime drakes
  4 polar bears
  4 trolls
  Grinder (D:5)
  5 dream sheep (Lair:4)
  6 slime creatures (IceCv)
  11 blink frogs
  Sigmund (D:2)
  A spriggan (D:7)
  A spriggan (shapeshifter) (D:14)
  3 wyverns
  A fire bat (D:13)
  5 wraiths
  44 yaks
  3 basilisks
  A human (D:12)
  A warg (D:15)
  A phantom (D:13)
  Menkaure (Ossuary)
  6 great orb of eyes simulacra (IceCv)
  2 acid dragons
  9 water moccasins
  2 ice beasts
  22 orc warriors
  2 sky beasts
  A necrophage (D:5)
  4 boggarts (Lair:3)
  6 black bears
  10 ogres
  3 centaurs
  27 wolves
  6 slime creature simulacra (IceCv)
  10 ghosts
  A kobold brigand (D:11)
  An elf zombie (D:4)
  23 bullfrogs
  A gnoll sergeant (D:12)
  2 elf skeletons (D:4)
  A glowing shapeshifter simulacrum (IceCv)
  A wyvern skeleton (D:6)
  4 scorpions
  9 killer bees
  7 crimson imps
  8 hounds
  3 jellies
  2 bullfrog skeletons
  20 orc priests
  2 human skeletons (D:4)
  2 iguanas
  36 orc wizards
  10 removed worker ants
  5 shapeshifter simulacra (IceCv)
  A killer bee zombie (D:9)
  A hound skeleton (D:5)
  A howler monkey zombie (D:7)
  3 mummies (Ossuary)
  8 gnolls
  A howler monkey skeleton (D:4)
  14 adders
  6 shadow imps
  2 endoplasms
  An adder skeleton (D:9)
  4 ribbon worms
  3 dart slugs
  110 orcs
  5 removed leopard geckos
  9 ball pythons
  6 bats
  6 giant cockroaches
  7 hobgoblins
  18 kobolds
  7 quokkas
  9 frilled lizards
  3 gnoll skeletons (Ossuary)
  3 gnoll zombies (Ossuary)
  2 goblins
  5 goblin skeletons (Ossuary)
  4 goblin zombies (Ossuary)
  7 hobgoblin skeletons (Ossuary)
  4 hobgoblin zombies (Ossuary)
  3 kobold skeletons (Ossuary)
  8 kobold zombies (Ossuary)
  5 orc skeletons
  3 orc zombies (Ossuary)
  11 rats
  2 rat skeletons (Ossuary)
  3 rat zombies (Ossuary)
759 creatures vanquished.

Vanquished Creatures (collateral kills)
  A yaktaur captain (D:15)
  Erolcha (Orc:1)
  An orc knight (D:15)
  An unseen horror (D:14)
  2 shadows
  2 yaks
  A yak (shapeshifter) (D:14)
  A black bear (D:9)
  2 orc wizards
  An orc priest (D:8)
  A ghost (D:14)
  4 orcs
  A jackal skeleton (D:6)
19 creatures vanquished.

Vanquished Creatures (others)
  An orc warrior (D:9)
  A ghost (D:8)
  An orc (D:6)
  An orc skeleton (Ossuary)
4 creatures vanquished.

Grand Total: 782 creatures vanquished

Notes
Turn   | Place    | Note
-------+----------+-------------------------------------------
     0 | D:1      | Chimkentus the Octopode Earth Elementalist began the quest
                  | for the Orb.
     0 | D:1      | Reached XP level 1. HP: 11/11 MP: 3/3
    88 | D:1      | Reached XP level 2. HP: 16/17 MP: 3/5
    92 | D:1      | Learned a level 3 spell: Passwall
   500 | D:1      | Reached XP level 3. HP: 22/22 MP: 6/6
   505 | D:1      | Learned a level 3 spell: Stone Arrow
   815 | D:2      | Reached skill level 4 in Earth Magic
  1132 | D:2      | Found a hazy altar of Hepliaklqana.
  1136 | D:2      | Reached XP level 4. HP: 27/27 MP: 3/7
  1269 | D:2      | Found a blossoming altar of Fedhas.
  1335 | D:2      | Noticed Sigmund
  1356 | D:3      | Found a glowing drain.
  1368 | Sewer    | Entered a sewer
  1567 | Sewer    | Reached skill level 1 in Fighting
  2016 | D:3      | Found a glowing golden altar of the Shining One.
  2447 | D:3      | Reached skill level 1 in Short Blades
  2548 | D:3      | Reached XP level 5. HP: 15/33 MP: 0/8
  2549 | D:3      | Noticed an orc warrior
  3061 | D:2      | Killed Sigmund
  3061 | D:2      | Reached skill level 5 in Earth Magic
  3061 | D:2      | Reached XP level 6. HP: 39/39 MP: 8/10
  3087 | D:3      | Learned a level 4 spell: Petrify
  3098 | D:3      | Killed an orc warrior
  3452 | D:4      | Reached XP level 7. HP: 25/45 MP: 7/12
  3461 | D:4      | Found a sand-covered staircase.
  3466 | Ossuary  | Entered an ossuary
  4316 | Ossuary  | Noticed Menkaure
  4375 | Ossuary  | Killed Menkaure
  4375 | Ossuary  | Reached skill level 6 in Earth Magic
  4946 | D:4      | Found Halinatt's Gadget Shop.
  5000 | D:5      | Entered Level 5 of the Dungeon
  5035 | D:5      | Reached XP level 8. HP: 47/54 MP: 9/13
  5103 | D:5      | Found a snail-covered altar of Cheibriados.
  5141 | D:5      | Noticed Grinder
  5384 | D:4      | Reached skill level 5 in Fighting
  5687 | D:4      | Reached skill level 1 in Conjurations
  6692 | D:5      | Reached skill level 7 in Earth Magic
  6810 | D:5      | Found a staircase to the Ecumenical Temple.
  6817 | Temple   | Entered the Ecumenical Temple
  6992 | Temple   | Upgraded the game from 0.25-a0-306-g3faca94807 to
                  | 0.26-a0-487-gbff1e92059
  7048 | Temple   | Upgraded the game from 0.26-a0-487-gbff1e92059 to
                  | 0.26-a0-851-g735459dd53
  7108 | D:5      | Reached skill level 1 in Throwing
  7479 | D:5      | Reached XP level 9. HP: 61/61 MP: 14/14
  8138 | D:5      | Found a hide-covered altar of Uskayaw.
  8490 | Temple   | Became a worshipper of Cheibriados the Contemplative
  8546 | D:6      | Reached skill level 1 in Invocations
  9169 | D:6      | Reached skill level 8 in Earth Magic
  9644 | D:6      | Reached skill level 5 in Transmutations
  9872 | D:6      | Reached * piety under Cheibriados
 11903 | D:7      | Reached XP level 10. HP: 51/69 MP: 15/15
 11997 | D:7      | Learned a level 5 spell: Lee's Rapid Deconstruction
 12127 | D:8      | Found a glowing golden altar of the Shining One.
 12563 | D:8      | Noticed Pikel
 12578 | D:8      | Killed Pikel
 13108 | D:8      | Found Anlem's Distillery.
 13116 | D:8      | Bought a potion of heal wounds for 60 gold pieces
 13116 | D:8      | Bought a potion of heal wounds for 60 gold pieces
 13116 | D:8      | Bought a potion of heal wounds for 60 gold pieces
 13116 | D:8      | Bought a potion of heal wounds for 60 gold pieces
 13116 | D:8      | Bought a potion of curing for 36 gold pieces
 13116 | D:8      | Bought 3 potions of curing for 108 gold pieces
 13116 | D:8      | Bought a potion of cancellation for 96 gold pieces
 13116 | D:8      | Bought a potion of lignification for 36 gold pieces
 13116 | D:8      | Bought a potion of ambrosia for 96 gold pieces
 13116 | D:8      | Bought a potion of brilliance for 48 gold pieces
 13118 | D:8      | Noticed a two-headed ogre
 14014 | D:9      | Found a broken altar of Ashenzari.
 14014 | D:9      | Found a shadowy altar of Dithmenos.
 14081 | D:9      | Noticed Joseph
 14089 | D:9      | Killed Joseph
 14089 | D:9      | Reached ** piety under Cheibriados
 14294 | D:9      | Noticed a centaur warrior
 14294 | D:9      | Noticed a centaur warrior
 14725 | D:9      | Found a shimmering altar of Xom.
 14727 | D:9      | Found a shimmering altar of Xom.
 14728 | D:9      | Found a shimmering altar of Xom.
 14728 | D:9      | Found a shimmering altar of Xom.
 14728 | D:9      | Found a shimmering altar of Xom.
 14762 | D:9      | Found a shimmering altar of Xom.
 14763 | D:9      | Found a shimmering altar of Xom.
 14875 | D:9      | Noticed a black mamba
 15401 | D:8      | Killed a two-headed ogre
 15402 | D:8      | Reached skill level 5 in Stealth
 15532 | D:10     | Entered Level 10 of the Dungeon
 15583 | D:10     | Noticed Maurice
 15611 | D:10     | Reached skill level 9 in Earth Magic
 15889 | D:10     | Noticed a two-headed ogre
 16016 | D:10     | Killed a two-headed ogre
 16017 | D:10     | Reached XP level 11. HP: 77/77 MP: 2/16
 16208 | D:10     | HP: 3/77 [something (9)]
 16347 | D:10     | Found Vamnoch's Book Emporium.
 16437 | D:10     | Found a sacrificial altar of Ru.
 16532 | D:10     | Reached *** piety under Cheibriados
 16564 | D:10     | Reached skill level 5 in Invocations
 16577 | D:11     | Noticed a two-headed ogre
 16688 | D:11     | Found a staircase to the Lair.
 16708 | D:11     | Noticed Gastronok
 16886 | Lair:1   | Entered Level 1 of the Lair of Beasts
 17040 | Lair:1   | Learned a level 2 spell: Blink
 17040 | Lair:1   | Upgraded the game from 0.26-a0-851-g735459dd53 to
                  | 0.26-a0-854-gdc81c2f471
 17101 | Lair:1   | Reached skill level 1 in Translocations
 17500 | Lair:1   | Found a runed translucent gate.
 17500 | Lair:1   | Found a runed translucent gate.
 17500 | Lair:1   | Found a runed translucent gate.
 17503 | Lair:1   | Noticed dricus's ghost (journeyman NaVM)
 17963 | Lair:1   | Reached skill level 5 in Throwing
 18655 | Lair:2   | Noticed Sonja
 18663 | Lair:2   | Killed Sonja
 19512 | Lair:2   | Noticed an eight-headed hydra
 19580 | Lair:1   | Identified a scroll of acquirement
 19580 | Lair:1   | Acquired a +6 ring of dexterity
 19601 | D:11     | Killed Gastronok
 19602 | D:11     | Reached skill level 1 in Unarmed Combat
 19602 | D:11     | Reached XP level 12. HP: 84/84 MP: 19/19
 19741 | D:11     | Noticed a two-headed ogre
 19744 | D:11     | Noticed a two-headed ogre
 19760 | D:11     | Noticed an ogre mage
 20279 | D:10     | Found a roughly hewn altar of Beogh.
 20279 | D:10     | Found a staircase to the Orcish Mines.
 20443 | D:10     | Noticed Maurice
 20443 | D:10     | Maurice changed into Maurice the acid dragon
 20458 | D:10     | Killed Maurice the acid dragon
 20459 | D:10     | Reached skill level 10 in Earth Magic
 20729 | D:11     | Noticed a two-headed ogre
 20753 | D:11     | Killed an ogre mage
 20948 | D:11     | Killed a two-headed ogre
 20949 | D:11     | Reached skill level 5 in Spellcasting
 21137 | D:11     | Killed a two-headed ogre
 21275 | D:11     | Killed a two-headed ogre
 21276 | D:11     | Reached skill level 10 in Stealth
 21392 | D:11     | Killed a two-headed ogre
 21538 | D:5      | Paralysed by Grinder for 6 turns
 21548 | D:5      | Killed Grinder
 21734 | D:8      | Bought 2 potions of flight for 72 gold pieces
 21734 | D:8      | Bought a potion of cancellation for 96 gold pieces
 21734 | D:8      | Bought a potion of magic for 96 gold pieces
 21734 | D:8      | Bought a potion of lignification for 36 gold pieces
 21793 | D:9      | Killed a centaur warrior
 21798 | D:9      | Killed a centaur warrior
 21821 | D:9      | Identified the Grimoire of Intoxication and Glamour
 21823 | D:9      | Got a warped triple crossbow
 21824 | D:9      | Identified the cursed +1 triple crossbow of Starshine
                  | {flame, rElec rC+} (You found it on level 9 of the Dungeon)
 22057 | D:12     | Reached **** piety under Cheibriados
 22367 | D:11     | Upgraded the game from 0.26-a0-854-gdc81c2f471 to
                  | 0.26-a0-1205-g4083c211ab
 22367 | D:11     | Upgraded the game from 0.26-a0-1205-g4083c211ab to
                  | 0.27-a0-12-g5dcdf963e0
 22367 | D:11     | Upgraded the game from 0.27-a0-12-g5dcdf963e0 to
                  | 0.32-a0-918-g0f22ef8d61
 22371 | D:11     | Learned a level 3 spell: Tukima's Dance
 23060 | D:12     | Reached skill level 1 in Ranged Weapons
 23101 | D:12     | Noticed Nessos
 23299 | D:12     | Noticed a six-headed hydra
 23310 | D:12     | Nessos changed into Nessos the human
 23310 | D:12     | Noticed Nessos
 23317 | D:12     | Killed Nessos the human
 23344 | D:12     | Reached skill level 1 in Hexes
 23678 | D:12     | Killed a six-headed hydra
 23822 | D:12     | Reached XP level 13. HP: 90/90 MP: 21/21
 24973 | Lair:3   | Noticed Fannar
 25071 | Lair:3   | Learned a level 3 spell: Mephitic Cloud
 25640 | Lair:3   | Reached skill level 5 in Translocations
 26096 | Lair:3   | Found a hole to the Spider Nest.
 26207 | Lair:3   | Reached skill level 11 in Earth Magic
 26288 | Lair:3   | Reached ***** piety under Cheibriados
 26348 | Lair:3   | Identified the +2 leather armour of Hutiroat {rPois Will++
                  | Int-2}
 26652 | Lair:3   | Killed Fannar
 26765 | Lair:3   | Found a staircase to the Shoals.
 26913 | Lair:4   | Found a frozen archway.
 26920 | IceCv    | Entered an ice cave
 27275 | IceCv    | Noticed a quicksilver ooze
 27286 | IceCv    | Killed a quicksilver ooze
 27499 | IceCv    | Noticed an azure jelly
 27508 | IceCv    | Killed an azure jelly
 27520 | IceCv    | Noticed a quicksilver ooze
 27523 | IceCv    | Found a viscous altar of Jiyva.
 27524 | IceCv    | Identified the +0 scale mail of Leeno Iluwk {rPois rF-
                  | Dex+4}
 27675 | IceCv    | Reached XP level 14. HP: 98/98 MP: 7/24
 27811 | IceCv    | Identified the ring of Pofom {rN+ rCorr Str+6 Dex-5 Slay+3}
 27861 | IceCv    | Killed a quicksilver ooze
 28234 | IceCv    | Learned a level 4 spell: Olgreb's Toxic Radiance
 29447 | Lair:5   | Reached skill level 5 in Ranged Weapons
 29635 | Lair:5   | Reached skill level 1 in Air Magic
 29823 | Lair:5   | Learned a level 4 spell: Iskenderun's Mystic Blast
 30730 | Lair:6   | Entered Level 6 of the Lair of Beasts
 31741 | Lair:6   | Reached skill level 5 in Hexes
 31844 | Lair:6   | Reached skill level 12 in Earth Magic
 32630 | Lair:6   | Found a staircase to the Slime Pits.
 32701 | Lair:6   | Found a viscous altar of Jiyva.
 32846 | Lair:6   | Noticed a dire elephant
 32846 | Lair:6   | Noticed a dire elephant
 33017 | Orc:1    | Entered Level 1 of the Orcish Mines
 33097 | Orc:1    | Reached XP level 15. HP: 99/103 MP: 24/28
 33426 | Orc:1    | Reached skill level 5 in Dodging
 33429 | Orc:1    | Noticed Erica
 33435 | Orc:1    | Killed Erica
 33737 | Orc:2    | Entered Level 2 of the Orcish Mines
 33753 | Orc:2    | Found a transporter.
 34200 | Orc:2    | Noticed kr4n3's ghost (journeyman GnWn)
 34226 | Orc:2    | Found a transporter.
 34230 | Orc:2    | Found a one-way gate to the infinite horrors of the Abyss.
 34262 | Orc:2    | Paralysed by an orc sorcerer for 5 turns
 34620 | Orc:2    | Found a staircase to the Elven Halls.
 34747 | Orc:2    | Reached skill level 10 in Fighting
 34958 | Orc:2    | Found Sefadgh's Antique Armour Shop.
 35114 | Orc:2    | Found Ytzupn's General Store.
 35121 | Orc:2    | Found Lelava's Book Emporium.
 35123 | Orc:2    | Found Loarom's Book Shop.
 35151 | Orc:2    | Bought a potion of curing for 36 gold pieces
 35151 | Orc:2    | Bought a scroll of immolation for 48 gold pieces
 35153 | Orc:2    | Bought a buckler for 153 gold pieces
 35167 | Orc:2    | Learned a level 5 spell: Summon Mana Viper
 35465 | D:4      | Bought a box of beasts for 560 gold pieces
 35758 | Orc:1    | Noticed Erolcha
 36082 | D:13     | Found a runed translucent door.
 36083 | D:13     | Found a shimmering altar of Xom.
 36083 | D:13     | Noticed Hastrop's ghost (journeyman DgHW)
 36507 | D:14     | Reached skill level 10 in Invocations
 36701 | D:14     | Reached ****** piety under Cheibriados
 36751 | D:13     | Upgraded the game from 0.32-a0-918-g0f22ef8d61 to
                  | 0.32-a0-921-g04a7ad8e02
 37214 | D:13     | Reached skill level 10 in Spellcasting
 37345 | D:13     | Found Myhab's Removed Food Shop.
 37787 | D:14     | Found a stormy altar of Qazlal.
 37789 | D:14     | Noticed Josephine
 38206 | D:14     | Killed Josephine
 38445 | Lair:1   | Killed dricus's ghost
 38700 | Orc:1    | Killed Erolcha
 38911 | Orc:2    | Bought a potion of might for 48 gold pieces
 39119 | D:14     | Found a gate to the Vaults.
 39363 | D:15     | Entered Level 15 of the Dungeon
 40367 | D:15     | Found a staircase to the Depths.
 40373 | D:15     | Reached XP level 16. HP: 109/109 MP: 22/30
 40432 | Depths:1 | Entered Level 1 of the Depths
 40470 | Depths:1 | Slain by an ettin

Illustrated notes

Levels and vault maps discovered:
D:1:      dpeg_arrival_short_road, layout_basic
D:2:      layout_rooms, lemuel_round_altar, fedhas_altar_fruit_tree,
          uniq_sigmund
D:3:      layout_loops_ring, portal_sewer_entry_a, grunt_ministairs_12,
          tso_metal_star
D:4:      layout_basic, nicolae_ossuary_entry_catacombs, serial_shops,
          kennysheep_mini_moat, first_ration, hex_intersection,
          serial_bayou_pond_b, hangedman_decor_slide_cut
D:5:      layout_basic, eat_drink_and_be_merry_uskayaw,
          minmay_temple_entry_slanted, kennysheep_slug_shrine, uniq_grinder
D:6:      layout_loops_corners, minivault_11, chequers_mini_garden
D:7:      layout_loops_corners, the_bakery, kennysheep_generic_room_11
D:8:      layout_cave_pods, serial_shops,
          nicolae_shop_competitors_out_of_business, basic_altar,
          hangedman_decor_push, hangedman_decor_clover_reticule, uniq_pikel
D:9:      minmay_the_grid_net [minmay_the_grid_expand, minmay_the_grid_doors,
          minmay_the_grid_gridbox, minmay_the_grid_empty,
          minmay_the_grid_all_tris, minmay_the_grid_prize_shrinking_boxes],
          layout_loops_ring, gammafunk_temple_overflow_wave, xom_shifter_show,
          uniq_joseph
D:10:     layout_roguey, david_orc_5, serial_shops, nicolae_shop_waterfront,
          nicolae_ru_path_of_blood, uniq_maurice
D:11:     layout_rooms, lair_entry_dummy, uniq_gastronok
D:12:     layout_irregular_city, uniq_nessos
D:13:     layout_irregular_city, ebering_ghost_xom, serial_shops, shop
D:14:     layout_rooms, david_vaults_2, basic_altar, serial_bayou_shore_b,
          uniq_josephine
D:15:     grunt_enter_depths_snipers, layout_loops_corners
Temple:   eino_narrow_crystal_temple
Lair:1:   layout_cave_pods, ebering_ghost_rock_garden,
          infiniplex_staircase_pool_2, lemuel_fruit_tree
Lair:2:   layout_misc_corridors, minivault_26, uniq_sonja
Lair:3:   layout_big_grid, minmay_shoals_entry_lonely_mermaid,
          nicolae_spider_entry_orb_guardian, kilobyte_rumbling_trees,
          serial_bayou_shore_b, uniq_fannar
Lair:4:   layout_small_grid, portal_ice_cave_entry_pillars_2
Lair:5:   layout_roguey
Lair:6:   due_jungle_book, layout_loops_ring, minmay_slime_entry_oklob_open,
          hangedman_lair_generics_rect
Orc:1:    layout_diamond_mine, uniq_erica, uniq_erolcha
Orc:2:    st_orc_elflike, layout_caves, special_room,
          gammafunk_ghost_abyssal_escape
Depths:1: layout_roguey, mu_enter_wizlab_6, hell_entry, abyss_entry_crystal,
          nicolae_benzene_ring, grunt_ministairs_3, item_on_display_a

Skill      XL: |  1  2  3  4  5  6  7  8  9 10 11 12 13 14 15 |
---------------+----------------------------------------------+-----
Earth Magic    | 4 5 6 7 8 9 10 11 12 | 12.4
Fighting       | 1 2 4 5 6 8 9 10 | 10.2
Short Blades   | 1 |  1.0
Transmutations | 2 3 4 5 6 9 |  0.0
Spellcasting   | 3 4 5 6 9 10 | 10.5
Conjurations   | 1 2 3 |  3.9
Throwing       | 1 3 4 5 |  5.1
Invocations    | 2 4 5 7 8 9 10 | 10.5
Evocations     | 2 3 |  3.1
Stealth        | 3 6 9 10 | 10.9
Dodging        | 3 4 5 |  5.1
Translocations | 2 4 5 6 |  6.4
Unarmed Combat | 1 2 |  2.9
Alchemy        | 7 8 |  8.6
Shapeshifting  | 6 |  6.3
Ranged Weapons | 1 4 6 7 |  7.8
Hexes          | 2 3 5 6 |  6.9
Air Magic      | 1 2 |  2.1
Maces & Flails | |  0.8
Summonings     | |  0.6

Action                     |  1- 3 |  4- 6 |  7- 9 | 10-12 | 13-15 | 16-18 || total
---------------------------+-------+-------+-------+-------+-------+-------++-------
  Melee: Short sword       |    37 |    68 |       |       |       |       ||   105
         Constrict         |    10 |    16 |    77 |    53 |     1 |       ||   157
         Pseudopods        |     5 |    13 |    84 |   145 |       |       ||   247
         Dagger            |       |     3 |   175 |   192 |       |       ||   370
         Long sword        |       |       |    94 |    34 |       |       ||   128
         Unarmed           |       |       |       |   146 |       |       ||   146
         Touch             |       |       |       |     4 |       |       ||     4
         Tentacles         |       |       |       |     1 |     4 |       ||     5
         Punch             |       |       |       |     1 |       |       ||     1
         Whip              |       |       |       |       |    30 |       ||    30
   Fire: Sling             |       |       |   139 |   169 |       |       ||   308
         Hand cannon       |       |       |       |    24 |   122 |     2 ||   148
         Longbow           |       |       |       |    10 |   419 |       ||   429
         Triple crossbow   |       |       |       |     1 |       |       ||     1
  Throw: Dart              |       |       |   114 |    82 |     8 |       ||   204
         Stone             |       |       |     1 |       |       |       ||     1
   Cast: Sandblast         |    19 |    13 |    21 |    22 |     5 |       ||    80
         Stone Arrow       |     3 |     9 |    39 |    37 |   169 |     6 ||   263
         Passwall          |     1 |    12 |    13 |     2 |     1 |       ||    29
         Petrify           |       |     1 |     3 |    67 |       |       ||    71
         Blink             |       |       |       |    14 |     8 |     1 ||    23
         Lee's Rapid Decon |       |       |       |     2 |    60 |       ||    62
         Mephitic Cloud    |       |       |       |       |    67 |     3 ||    70
         Tukima's Dance    |       |       |       |       |     1 |       ||     1
         Iskenderun's Myst |       |       |       |       |    57 |     4 ||    61
         Olgreb's Toxic Ra |       |       |       |       |    31 |       ||    31
         Summon Mana Viper |       |       |       |       |    15 |       ||    15
 Invoke: Bend Time         |       |       |     6 |     5 |     3 |       ||    14
         Slouch            |       |       |       |     2 |    10 |     1 ||    13
         Temporal Distorti |       |       |       |       |     1 |       ||     1
  Evoke: Wand              |       |       |     8 |    34 |    17 |     4 ||    63
         Phial of floods   |       |       |       |     1 |     3 |       ||     4
         Box of beasts     |       |       |       |       |       |     1 ||     1
    Use: Scroll            |       |     5 |     8 |    19 |    21 |     1 ||    54
         Potion            |       |     3 |     1 |    16 |     9 |     3 ||    32
   Stab: Sleeping          |     9 |    13 |    13 |    12 |       |       ||    47
         Petrified         |       |     2 |     6 |   123 |       |       ||   131
         Distracted        |       |       |     1 |       |       |       ||     1
         Petrifying        |       |       |       |    13 |       |       ||    13
         Invisible         |       |       |       |     1 |       |       ||     1
    Eat: Removed food      |     1 |     8 |    10 |       |       |       ||    19
         Removed food      |       |       |     2 |       |       |       ||     2
 Armour: Skin              |     1 |     4 |     8 |    40 |   238 |    16 ||   307
  Dodge: Dodged            |    19 |    49 |   152 |   267 |   251 |    37 ||   775
  Block: Buckler           |       |       |       |       |    32 |    13 ||    45
Riposte: Long sword        |       |       |    18 |     4 |       |       ||    22

Table legend: (Time is in decaauts)
 A = Elapsed time spent in this place.
 B = Non-inter-level travel time spent in this place.
 C = Inter-level travel time spent in this place.
 D = Time resting spent in this place.
 E = Time spent auto-exploring this place.
 F = Levels seen in this place.
 G = Mean time per level.
                   A        B        C        D        E       F      G
               +--------+--------+--------+--------+--------+-----+--------+
         Total |  51749 |  46039 |   5710 |   5193 |  30485 |  28 | 1848.2 |
       Dungeon |  29484 |  26054 |   3430 |   2781 |  17017 |  15 | 1965.6 |
        Temple |    286 |    230 |     56 |      0 |    173 |   1 |  286.0 |
          Lair |  14163 |  13057 |   1106 |   1226 |   9843 |   6 | 2360.5 |
  Orcish Mines |   4340 |   3223 |   1117 |    294 |   2205 |   2 | 2170.0 |
        Depths |     48 |     48 |      0 |      0 |      0 |   1 |   48.0 |
         Sewer |    590 |    590 |      0 |    147 |    169 |   1 |  590.0 |
       Ossuary |   1216 |   1216 |      0 |    570 |    122 |   1 | 1216.0 |
      Ice Cave |   1619 |   1619 |      0 |    174 |    954 |   1 | 1619.0 |
               +--------+--------+--------+--------+--------+-----+--------+

Top non-repeatable levels by time:
  Lair:1: 3277 daAuts
  Lair:3: 2754 daAuts
    D:13: 2711 daAuts
  Lair:6: 2642 daAuts
    D:10: 2604 daAuts
     D:6: 2467 daAuts
     D:9: 2465 daAuts
   Orc:2: 2445 daAuts
     D:7: 2371 daAuts
    D:11: 2345 daAuts
     D:8: 2247 daAuts
    D:12: 2196 daAuts
  Lair:5: 1997 daAuts
    D:15: 1944 daAuts
   Orc:1: 1895 daAuts
Note: time per level data comes from an upgraded game and may be incomplete.
